AoeStats
← Adags

Black Forest

510370183Analyzed
3v3 RM · 17h ago on Sep 30, 2026· 63m 12s· 6 players
Game mode
Random Map
Map size
Normal (6 player)
Population
200
Speed
Normal
Resources
Standard
Victory
Conquest
Starting age
Dark Age
Ending age
Imperial Age
RankedLock teamsTeams togetherTeam positionsShared explorationLock speedFull tech treeHidden civsTurbo modeCheats
Victory
Defeat
🇹🇷 Mongols · Türkiye
628
+16
🇹🇷 Vietnamese · Türkiye
537
+19
🇹🇷 Teutons · Türkiye
521
+20
🇩🇪 Persians · Germany
703
-22
🇧🇷 Khmer · Brazil
686
-21
🇮🇪 Britons · Ireland
455
-12
mandiranoy
0:29 Loom
13:57 Feudal Age
19:05 Double-Bit Axe
29:16 Castle Age
29:02 Arson
33:03 Pikeman
33:44 Squires
37:19 Ballistics
41:08 Imperial Age
38:50 Devotion
42:52 Chemistry
41:22 Halberdier
43:28 Sanctity
51:06 Scale Mail Armor
51:18 Forging
SmokedMyself
0:26 Loom
9:59 Feudal Age
10:43 Double-Bit Axe
13:42 Horse Collar
14:31 Gold Mining
18:52 Castle Age
19:15 Wheelbarrow
20:09 Heavy Plow
20:21 Bow Saw
20:45 Caravan
24:22 Hand Cart
24:29 Stone Mining
26:51 Fletching
27:01 Padded Archer Armor
27:25 Fervor
28:03 Forging
27:51 Bodkin Arrow
29:03 Ballistics
32:22 Imperial Age
30:30 Nomads
31:45 Leather Archer Armor
33:37 Elite Mangudai
35:10 Gold Shaft Mining
35:11 Stone Shaft Mining
35:22 Stone Shaft Mining
37:43 Bracer
46:56 Chemistry
Adags
8:31 Loom
12:08 Feudal Age
13:15 Horse Collar
13:29 Double-Bit Axe
29:52 Castle Age
28:28 Gold Mining
28:29 Stone Mining
30:47 Padded Archer Armor
30:41 Fletching
31:51 Bow Saw
31:45 Heavy Plow
33:40 Leather Archer Armor
33:21 Bodkin Arrow
35:35 Wheelbarrow
34:46 Town Watch
35:41 Stone Shaft Mining
40:22 Town Patrol
40:37 Hand Cart
40:39 Forging
40:33 Scale Mail Armor
42:16 Iron Casting
41:47 Scale Barding Armor
43:06 Chain Mail Armor
43:22 Elite Skirmisher
44:19 Squires
43:42 Pikeman
44:10 Arson
49:12 Chain Barding Armor
51:25 Imperial Age
53:00 Halberdier
53:07 Imperial Skirmisher
56:56 Elite Teutonic Knight
daveofempires
12:04 Feudal Age
kolb-alexander
16:33 Feudal Age
17:00 Double-Bit Axe
18:56 Stone Mining
22:40 Castle Age
21:40 Gold Mining
21:53 Horse Collar
22:13 Fletching
22:29 Scale Barding Armor
23:53 Forging
25:18 Bodkin Arrow
27:52 Chain Barding Armor
28:42 Gold Shaft Mining
28:54 Bow Saw
29:52 Heavy Plow
30:38 Iron Casting
32:10 Wheelbarrow
31:51 Bloodlines
31:44 Husbandry
35:26 Imperial Age
35:48 Ballistics
35:24 Murder Holes
37:15 Crop Rotation
37:02 Hand Cart
38:47 Plate Barding Armor
37:38 Cavalier
39:25 Two-Man Saw
39:31 Conscription
39:29 Citadels
40:08 Savar
41:58 Blast Furnace
44:40 Masonry
Yur1Janu4r10
Connection lost

Rejoining the realm…

Still unreachable

The connection could not be restored.

Session expired

The server has moved on; the page needs a fresh start.